 Dungeon Crawl Stone Soup version 0.24-a0-434-gd57e52fea8 (webtiles) character file.

Game seed: 4644693947344646652

10 Xondolf the Grave Robber (level 2, 0/19 HPs)
             Began as a Vampire Necromancer on June 17, 2019.
             Slain by a quokka (3 damage)
             ... on level 2 of the Dungeon.
             The game lasted 00:03:52 (220 turns).

Xondolf the Grave Robber (Vampire Necromancer)       Turns: 220, Time: 00:03:52

Health: 0/19       AC:  2    Str:  7    XL:     2   Next: 10%
Magic:  3/5        EV: 12    Int: 17    God:
Gold:   15         SH:  0    Dex: 14    Spells: 3/5 levels left

rFire    . . .     SeeInvis +   b - +0 dagger
rCold    . . .     Gourm    .   (no shield)
rNeg     . . .     Faith    .   a - +0 robe
rPois    .         Spirit   .   (no helmet)
rElec    .         Reflect  .   (no cloak)
rCorr    .         Harm     .   (no gloves)
MR       .....                  (no boots)
Stlth    ++........             (no amulet)
HPRegen  0.26/turn              (no ring)
MPRegen  0.09/turn              (no ring)

@: very slightly contaminated, regenerating quickly
A: no food, fangs 3, see invisible, unbreathing
a: Exsanguinate


You were on level 2 of the Dungeon.
You were alive.

You visited 1 branch of the dungeon, and saw 2 of its levels.

You collected 15 gold pieces.

Inventory:

Hand Weapons
 b - a +0 dagger (weapon)
Armour
 a - a +0 robe (worn)
Potions
 c - a potion of might {unknown}


   Skills:
 + Level 0.4 Short Blades
 + Level 2.2 Dodging
 + Level 3.2 Stealth
 + Level 2.1 Spellcasting
 + Level 4.6 Necromancy


You had 3 spell levels left.
You knew the following spells:

 Your Spells              Type           Power        Failure   Level  Hunger
a - Pain                  Necr           ###.         2%          1    N/A
b - Animate Skeleton      Necr           N/A          2%          1    N/A

Your spell library contained the following spells:

 Spells                   Type           Power        Failure   Level  Hunger
 Vampiric Draining        Necr           ###.......   9%          3    N/A
 Regeneration             Chrm/Necr      #.........   22%         3    N/A
 Animate Dead             Necr           N/A          28%         4    N/A

Dungeon Overview and Level Annotations

Branches:
Dungeon (2/15)

Altars:


Innate Abilities, Weirdness & Mutations

You do not eat.
Your natural rate of healing is unusually fast.
You have razor-sharp teeth.
You have supernaturally acute eyesight. (SInv)
You can survive without breathing.


Message History

Press: ? - help, Shift-Dir - straight line, f/p - quokka
Aim: a quokka (chance to defeat MR: 87%)
The quokka writhes in agony.
The quokka bites you.
The gnoll throws a throwing net.
The throwing net hits you.
You become entangled in the net!
A gnoll comes into view. It is wielding a +0 club.
You struggle against the net.
The quokka bites you but does no damage.
The gnoll hits you but does no damage.
You struggle against the net.
The quokka bites you. The quokka closely misses you.
You struggle against the net.
The gnoll hits you with a +0 club! The quokka barely misses you.
You rip the net and break free!
The gnoll closely misses you. The quokka bites you.
* * * LOW HITPOINT WARNING * * *
The gnoll closely misses you. The quokka closely misses you.
The quokka bites you.
You die...

### # #####..
"#
#....[###.#
#...gg....# .
#....gr@..#
8.
#....#....#
...
#..g.#....# #
[..#
+....+.......
#....#
#....####.#.#
....# ......
..... 8.<.#
.......
##.### ....#
(...... ..
#....#


You could see 3 gnolls and a quokka.

Vanquished Creatures
  A giant cockroach (D:1)
  2 goblins (D:1)
  A hobgoblin (D:1)
  A bat (D:1)
  A kobold (D:1)
  2 rats (D:1)
8 creatures vanquished.

Vanquished Creatures (collateral kills)
  A dart slug (D:1)
  A bat (D:1)
2 creatures vanquished.

Grand Total: 10 creatures vanquished

Notes
Turn   | Place    | Note
-------+----------+-------------------------------------------
     0 | D:1      | Xondolf the Vampire Necromancer began the quest for the
                  | Orb.
     0 | D:1      | Reached XP level 1. HP: 13/13 MP: 3/3
     9 | D:1      | Learned a level 1 spell: Animate Skeleton
   196 | D:1      | Reached XP level 2. HP: 19/19 MP: 5/5
   220 | D:2      | Slain by a quokka

Levels and vault maps discovered:
D:1:      dpeg_arrival_tiny_i, layout_rooms
D:2:      layout_basic, grunt_ministairs_13, nicolae_ru_the_path_less_chosen,
          uniq_natasha, uniq_sigmund

Action                   || total
-------------------------++-------
Melee: Dagger            ||    19
       Unarmed           ||     8
       Bite              ||     4
 Cast: Pain              ||    10
       Animate Skeleton  ||     3
Armor: Robe              ||    15
Dodge: Dodged            ||    21

Table legend:
 A = Non-vault XP
 B = Vault XP
 C = Vault XP percentage of total XP
 D = Non-vault monster count
 E = Vault monster count
 F = Vault count percentage of total count
                 A         B        C        D         E       F
            +---------+---------+-------+---------+---------+-------
      Total |      15 |       0 |   0.0 |      10 |       0 |   0.0
            +---------+---------+-------+---------+---------+-------
        D:1 |      15 |       0 |   0.0 |      10 |       0 |   0.0
            +---------+---------+-------+---------+---------+-------
